 Dungeon Crawl Stone Soup version 0.17-a0-2014-g32cd421 (webtiles) character file.

35 Goblin1989 the Insei (level 3, -7/23 HPs)
             Began as an Octopode Transmuter on Oct 10, 2015.
             Mangled by Crazy Yiuf
             ... wielding a +3 quarterstaff of chaos
              (13 damage)
             ... on level 3 of the Dungeon.
             The game lasted 00:06:59 (1993 turns).

Goblin1989 the Insei (Octopode Transmuter)          Turns: 1993, Time: 00:06:59

Health: -7/23      AC:  1    Str:  9    XL:     3   Next: 35%
Magic:  4/6        EV:  7    Int: 16    God:
Gold:   51         SH:  0    Dex: 12    Spells: 2 memorised, 3 levels left

rFire  . . .     SeeInvis .       - Unarmed
rCold  . . .     Clarity  .     (no shield)
rNeg   . . .     SustAt   .     (helmet restricted)
rPois  .         Gourm    .     (no amulet)
rElec  .         Spirit   .     g - ring of wizardry
rCorr  .         Warding  .     m - ring of protection from magic
rMut   .         Stasis   .     (no ring)
MR     +....                    (no ring)
Stlth  ++........               (no ring)
                                (no ring)
                                (no ring)
                                (no ring)

@: drained, somewhat resistant to hostile enchantments, unstealthy
A: almost no armour, amphibious, 8 rings, constrict 8, camouflage 1, gelatinous
body 1
a: no special abilities


You were on level 3 of the Dungeon.
You were hungry.

You visited 1 branch of the dungeon, and saw 3 of its levels.

You collected 51 gold pieces.

Inventory:

Missiles
 a - 36 arrows
 h - 11 arrows of flame
 j - 20 arrows of dispersal
Jewellery
 g - a ring of wizardry (left tentacle)
 m - a ring of protection from magic (right tentacle)
Scrolls
 e - 3 scrolls of remove curse {unknown}
 f - 2 scrolls of enchant armour {unknown}
 k - 5 scrolls of identify {unknown}
 t - a scroll of recharging {unknown}
Potions
 d - a potion of cure mutation {unknown}
 i - a potion of degeneration {unknown}
 l - a potion of curing {unknown}
 n - a potion of agility {unknown}
 o - a potion of resistance {unknown}
 p - a potion of poison {unknown}
 q - a potion of brilliance {unknown}
 r - a potion of flight {unknown}
 u - a potion of might {unknown}
Books
 b - a book of Changes

   Spells                             Type                      Level
   a - Beastly Appendage              Transmutation                1
   b - Sticks to Snakes               Transmutation                2
   c - Spider Form                    Transmutation/Poison         3
   d - Ice Form                       Ice/Transmutation            4
   e - Blade Hands                    Transmutation                5
Comestibles
 c - 3 bread rations
 s - a slice of pizza


   Skills:
 - Level 1.0(0.7) Fighting
 - Level 2.0(1.7) Dodging
 * Level 3.7(3.4) Unarmed Combat
 - Level 2.2(1.9) Spellcasting
 + Level 2.6(2.3) Transmutations


You had 3 spell levels left.
You knew the following spells:

 Your Spells              Type           Power        Failure   Level  Hunger
a - Beastly Appendage     Trmt           #.....       4%          1    #......
b - Sticks to Snakes      Trmt           #.........   6%          2    ###....


Dungeon Overview and Level Annotations

Branches:
Dungeon (3/15)

Altars:

Annotations:
D:3 Crazy Yiuf


Innate Abilities, Weirdness & Mutations

You cannot wear most types of armour.
You are amphibious.
You can wear up to eight rings at the same time.
You can use your tentacles to constrict eight enemies at once.
Your skin changes colour to match your surroundings (Stealth).
Your rubbery body absorbs attacks (AC +1).


Message History

The air around you crackles with energy!
You tentacle-slap Crazy Yiuf. Your grab misses Crazy Yiuf.
Your tentacle spike misses Crazy Yiuf.
Crazy Yiuf is moderately wounded.
Crazy Yiuf laughs, "Rot!"
Crazy Yiuf hits you with a quarterstaff of chaos!
Ouch! That really hurt!
Crazy Yiuf freezes you.
* * * LOW HITPOINT WARNING * * *
Your tentacle spike disappears.
Crazy Yiuf glowers.
Crazy Yiuf cries, "East chair ladder!"
Crazy Yiuf whimpers, "Walk tired tea!"
Your magical contamination has completely faded away.
Crazy Yiuf barely misses you.
Crazy Yiuf glowers.
There is a stone staircase leading up here.
Crazy Yiuf hits you with a quarterstaff of chaos!
Ouch! That really hurt!
You die...

### ..# #.#
####.# ##.##.#
##.#.#.##
##)###...# #.##
#.#.#
##.###.g@#
##.#.####
##..##
####...########
+..............
####...########
#..#######
#........#
#.######.#


You could see Crazy Yiuf.

Vanquished Creatures
  A worm (D:2)
  2 bats
  3 giant cockroaches
  6 goblins
  5 hobgoblins
  3 jackals (D:2)
  2 giant newts (D:2)
  3 kobolds
  9 rats
34 creatures vanquished.

Notes
Turn   | Place    | Note
--------------------------------------------------------------
     0 | D:1      | Goblin1989 the Octopode Transmuter began the quest for the Orb.
     0 | D:1      | Reached XP level 1. HP: 13/13 MP: 3/3
   233 | D:1      | Reached XP level 2. HP: 18/18 MP: 5/5
   244 | D:1      | Learned a level 2 spell: Sticks to Snakes
  1394 | D:2      | Reached XP level 3. HP: 23/23 MP: 6/6
  1946 | D:3      | Noticed Crazy Yiuf
  1993 | D:3      | Mangled by Crazy Yiuf

Vault maps used:
D:1:      mrwooster_arrival_statue_2, st_stairs_12, solitary_fountain
D:2:      first_bread
D:3:      ecumenical_altar_2, uniq_crazy_yiuf_cottage

Action                   || total
-------------------------++-------
Melee: Unarmed           ||    83
 Cast: Sticks to Snakes  ||     4
       Beastly Appendage ||     4
 Stab: Sleeping          ||     8
       Distracted        ||     1
  Eat: Chunk             ||     3
